 Dungeon Sprint DCSS version 0.30.1-6-gbe392663c4 (webtiles) character file.

Game seed: 11740530067324961494

595 CarvArkoylaein the Protected (level 7, -5/72 HPs)
             Began as a Minotaur Fighter on Sept 21, 2023.
             Was an Initiate of Jiyva.
             Slain by a centaur warrior (9 damage)
             ... in the Dungeon (Sprint I: "Red Sonja").
             The game lasted 00:02:35 (631 turns).

CarvArkoylaein the Protected (Minotaur Fighter)      Turns: 631, Time: 00:02:36

Health: -5/72      AC:  8    Str: 22    XL:     7   Next: 17%
Magic:  6/6        EV: 10    Int:  5    God:    Jiyva [......]
Gold:   316        SH:  6    Dex: 10    Spells: 6/6 levels left

rFire   . . .        a - +0 long sword
rCold   . . .        c - +0 buckler
rNeg    . . .        b - +0 scale mail
rPois   .            (helmet restricted)
rElec   .            (no cloak)
rCorr   .            (no gloves)
SInv    .            (no boots)
Will    .....        (no amulet) Stlth
                     (no ring)
HPRegen 0.32/turn    (no ring)
MPRegen 0.10/turn

%: no teleportation
@: mighty, very slow
A: horns 2, retaliatory headbutt
a: Renounce Religion


You were in the Dungeon.
You worshipped Jiyva.
Jiyva was noncommittal.
You visited 1 branch You collected 316 gold pieces.

Inventory:

Hand Weapons
 a - a +0 long sword (weapon)
Armour
 b - a +0 scale mail (worn)
 c - a +0 buckler (worn)
Wands
 i - a wand of flame (3) (quivered)
Scrolls
 j - a scroll of blinking
Potions
 h - 2 potions of magic


   Skills:
 + Level 10.1 Fighting
 + Level 8.7 Long Blades
 + Level 10.8 Armour
 + Level 0.5 Dodging
 + Level 9.4 Shields
 + Level 1.5 Evocations


You had 6 spell levels left.
You didn't know any spells.
Your spell library was empty.

Dungeon Overview and Level Annotations

Branches:
Dungeon (1/1)

Altars:
Cheibriados
Dithmenos
Elyvilon
Fedhas
Gozag
Hepliaklqana
Kikubaaqudgha
Makhleb
Nemelex Xobeh
Okawaru
Qazlal
Ru
Sif Muna
Trog
Uskayaw
Vehumet
Wu Jian
Xom
Yredelemnul
Zin
The Shining One
Jiyva
Lugonu

Shops:
D ?


Innate Abilities, Weirdness & Mutations

You have a pair of horns on your head.
You reflexively headbutt those who attack you in melee.


Message History

You barely miss the centaur warrior. You headbutt the centaur warrior.
The centaur warrior is lightly wounded.
The centaur warrior unwields a +0 shortbow.
The centaur warrior hits you but does no damage.
The centaur warrior closely misses you. x2; You furiously retaliate!
You headbutt the centaur warrior.
The centaur warrior kicks you but does no damage.
You hear a distant slurping noise.
The centaur warrior hits you but does no damage.
The centaur warrior kicks you but does no damage.
You hear a distant slurping noise. x2
The centaur warrior hits you but does no damage.
The centaur warrior completely misses you.
You completely miss the centaur warrior.
The centaur warrior hits you! The centaur warrior kicks you.
You hear a distant slurping noise.
You block the centaur warrior's attack.
The centaur warrior kicks you but does no damage.
You hear a distant slurping noise.
You hear a slurping noise.
You feel very mighty all of a sudden.
The centaur warrior hits you but does no damage.
The centaur warrior closely misses you. The centaur warrior hits you.
The centaur warrior kicks you but does no damage.
You hear a distant slurping noise.
The centaur warrior hits you but does no damage.
You block the centaur warrior's attack.
The jelly closely misses the centaur warrior.
The centaur warrior hits you.
* * * LOW HITPOINT WARNING * * *
The centaur warrior kicks you.
* * * LOW HITPOINT WARNING * * *
You hear a distant slurping noise.
You slash the centaur warrior! You headbutt the centaur warrior.
The centaur warrior is moderately wounded.
The centaur warrior hits you!
* * * LOW HITPOINT WARNING * * *
The centaur warrior kicks you but does no damage.
You hear a distant slurping noise.
The centaur warrior hits you!
You die...

#################
.#..)..#..'..#__#
.)..#..').#..'..+
.#####'#####'#__####
.####..#...#.####..#
.#__####..##§#§§§J.#
.#_____##'#_.§§§§c§+
⌠#_.∩...'..§_#§§@c.#
##_..__##_.#+##+####
#_____###+# #######


You could see 2 centaur warriors and a neutral jelly (wandering) (fellow slime).

Vanquished Creatures
  Sigmund (D)
  A slime creature (D)
  A yak (D)
  An ogre (D)
  A jelly (D)
  Ijyb (D)
6 creatures vanquished.

Vanquished Creatures (others)
  5 necrophages (D)
  7 jellies (D)
12 creatures vanquished.

Grand Total: 18 creatures vanquished

Notes
Turn   | Place    | Note
-------+----------+-------------------------------------------
     0 | D        | CarvArkoylaein the Minotaur Fighter began the quest for the
                  | Orb.
     0 | D        | Reached XP level 1. HP: 19/19 MP: 0/0
     1 | D        | Noticed Ijyb
     8 | D        | Killed Ijyb
     9 | D        | Reached skill level 5 in Fighting
     9 | D        | Reached skill level 5 in Armour
     9 | D        | Reached skill level 5 in Shields
     9 | D        | Reached XP level 2. HP: 7/29 MP: 1/1
   302 | D        | Noticed an ogre
   306 | D        | Killed an ogre
   307 | D        | Reached XP level 3. HP: 15/39 MP: 2/2
   307 | D        | Reached XP level 4. HP: 18/47 MP: 3/3
   416 | D        | Noticed Sigmund
   429 | D        | Killed Sigmund
   430 | D        | Reached skill level 1 in Evocations
   430 | D        | Reached XP level 5. HP: 52/56 MP: 4/4
   430 | D        | Reached XP level 6. HP: 58/62 MP: 5/5
   451 | D        | Found a shimmering blue altar of Sif Muna.
   452 | D        | Found an ornate altar of the Wu Jian Council.
   454 | D        | Found a radiant altar of Vehumet.
   483 | D        | Found Dugirran's Magic Scroll Emporium.
   483 | D        | Found an ancient bone altar of Kikubaaqudgha.
   483 | D        | Found a hazy altar of Hepliaklqana.
   483 | D        | Found a stormy altar of Qazlal.
   483 | D        | Found a hide-covered altar of Uskayaw.
   483 | D        | Found a blossoming altar of Fedhas.
   483 | D        | Found a bloodstained altar of Trog.
   483 | D        | Found an iron altar of Okawaru.
   483 | D        | Found a basalt altar of Yredelemnul.
   483 | D        | Found a glowing golden altar of the Shining One.
   483 | D        | Found a snail-covered altar of Cheibriados.
   483 | D        | Found a sacrificial altar of Ru.
   483 | D        | Found a glowing silver altar of Zin.
   483 | D        | Found a shadowy altar of Dithmenos.
   483 | D        | Found a white marble altar of Elyvilon.
   483 | D        | Noticed a yak
   484 | D        | Found an opulent altar of Gozag.
   490 | D        | Killed a yak
   491 | D        | Reached skill level 10 in Armour
   572 | D        | Found a sparkling altar of Nemelex Xobeh.
   589 | D        | Found a burning altar of Makhleb.
   589 | D        | Found a viscous altar of Jiyva.
   589 | D        | Found a shimmering altar of Xom.
   589 | D        | Found a corrupted altar of Lugonu.
   589 | D        | Noticed a slime creature
   604 | D        | Killed a slime creature
   605 | D        | Reached skill level 10 in Fighting
   605 | D        | Reached XP level 7. HP: 39/72 MP: 6/6
   606 | D        | Became a worshipper of Jiyva Jovozan the Shapeless
   612 | D        | Noticed a centaur warrior
   614 | D        | Noticed a centaur warrior
   631 | D        | Slain by a centaur warrior

Illustrated notes

Levels and vault maps discovered:
D:        dungeon_sprint_1 [red_sonja_temple_1, red_sonja_temple_small_1]

Skill      XL: |  1  2  3  4  5  6 |
---------------+-------------------+-----
Fighting       | 5 7 8 10 | 10.1
Long Blades    | 3 4 6 8 |  8.7
Armour         | 5 7 9 10 | 10.8
Shields        | 5 6 8 9 |  9.4
Evocations     | 1 |  1.5
Dodging        | |  0.5

Action                     |  1- 3 |  4- 6 |  7- 9 || total
---------------------------+-------+-------+-------++-------
  Melee: Long sword        |     8 |    29 |     3 ||    40
         Headbutt          |     3 |     6 |     2 ||    11
  Evoke: Wand              |     2 |     1 |       ||     3
    Use: Potion            |     1 |     1 |     3 ||     5
 Armour: Scale mail        |       |     4 |    12 ||    16
  Dodge: Dodged            |     1 |    10 |     5 ||    16
  Block: Buckler           |       |     3 |     4 ||     7
